 Dungeon Crawl Stone Soup version 0.15-a0-885-g3d1b40c (webtiles) character file.

38 Bubba the Chiller (level 3, 0/24 HPs)
             Began as a Human Ice Elementalist on May 18, 2014.
             Succumbed to Crazy Yiuf's poison
             ... while paralysed by a potion of paralysis
             ... on Level 2 of the Dungeon.
             The game lasted 00:08:56 (1810 turns).

Bubba the Chiller (Human Ice Elementalist)          Turns: 1810, Time: 00:08:56

HP   0/24        AC  2     Str  8      XL: 3   Next: 65%
MP   1/6         EV  2     Int 16      God:
Gold 71          SH  0     Dex 13      Spells:  2 memorised,  4 levels left

rFire  . . .     SeeInvis .     p - +0,+1 whip (holy)
rCold  . . .     Clarity  .     a - +0 robe
rNeg   . . .     Conserve .     (no shield)
rPois  .         rCorr    .     (no helmet)
rElec  .         rRot     .     (no cloak)
SustAb .         Spirit   .     (no gloves)
rMut   .         Warding  .     (no boots)
Gourm  .         Stasis   .     (no amulet)
MR     .....                    (no ring)
                                (no ring)

@: paralysed, lethally poisoned, not resistant to hostile enchantments,
unstealthy
A: no striking features
a: no special abilities


You were on level 2 of the Dungeon.
You were hungry.

You visited 1 branch of the dungeon, and saw 2 of its levels.

You collected 71 gold pieces.

Inventory:

Hand weapons
 g - a +0,+0 club
 k - a +1,+2 dagger of draining
 p - a +0,+1 whip of holy wrath (weapon)
Missiles
 f - 4 tomahawks (quivered)
 j - 8 stones
Armour
 a - a +0 robe (worn)
 m - a +0 leather armour
Scrolls
 d - 2 scrolls of teleportation {unknown}
 e - 3 scrolls of identify {unknown}
 h - a scroll of enchant weapon I {unknown}
 q - a scroll of immolation {unknown}
Jewellery
 n - a +4 ring of protection {unknown}
Potions
 o - 2 potions of cure mutation {unknown}
Books
 b - a book of Frost

   Spells                             Type                      Level
   *Freeze                            Ice                          1
   *Throw Frost                       Conjuration/Ice              2
   Ozocubu's Armour                   Charms/Ice                   3
   Throw Icicle                       Conjuration/Ice              4
   Summon Ice Beast                   Ice/Summoning                4
   Condensation Shield                Ice                          4


   Skills:
 + Level 0.2 Fighting
 - Level 2.0 Dodging
 - Level 2.0 Stealth
 * Level 2.6 Spellcasting
 + Level 1.0 Conjurations
 * Level 3.9 Ice Magic


You had 4 spell levels left.
You knew the following spells:

 Your Spells              Type           Power        Failure   Level  Hunger
a - Freeze                Ice            ##..         4%          1    #......
b - Throw Frost           Conj/Ice       #.....       12%         2    ##.....


Dungeon Overview and Level Annotations

Branches:
Dungeon (2/15)

Altars:

Annotations:
D:2 Crazy Yiuf


Message History

Crazy Yiuf misses you.
You closely miss Crazy Yiuf.
Crazy Yiuf is heavily wounded.
Crazy Yiuf misses you.
You completely miss Crazy Yiuf.
Crazy Yiuf is heavily wounded.
Crazy Yiuf closely misses you.
Crazy Yiuf hits you with a quarterstaff of chaos.
You are poisoned.
You completely miss Crazy Yiuf.
Crazy Yiuf is moderately wounded.
You feel sick. Crazy Yiuf hits you but does no damage.
You blink.
Unknown command.
Drink which item? (? for menu, Esc to quit)
You suddenly lose the ability to move!
It was a potion of paralysis.
You feel sick.
Crazy Yiuf hits you with a quarterstaff of chaos.
* * * LOW HITPOINT WARNING * * *
You are more poisoned.
You die...

###...## #####..#
..####.# #....#.##
###....###### ##
#.......#
.#####......<####
...)............####
###
..#######.....#.@g.##
#..)# .##
#...........####.....#
## #....##......#.g#
########....#.###
########


You could see Crazy Yiuf.

Vanquished Creatures
  A giant mite (D:1)
  A giant gecko (D:2)
  4 bats
  3 giant cockroaches
  5 hobgoblins
  2 jackals (D:1)
  A quokka (D:2)
  3 giant newts (D:1)
  3 goblins
  3 kobolds
  4 rats
30 creatures vanquished.

Notes
Turn   | Place    | Note
--------------------------------------------------------------
     0 | D:1      | Bubba, the Human Ice Elementalist, began the quest for the Orb.
     0 | D:1      | Reached XP level 1. HP: 13/13 MP: 3/3
   311 | D:1      | Reached XP level 2. HP: 8/19 MP: 0/4
   859 | D:1      | Reached XP level 3. HP: 24/24 MP: 2/6
  1035 | D:1      | Learned a level 2 spell: Throw Frost
  1769 | D:2      | Noticed Crazy Yiuf
  1807 | D:2      | Paralysed by a potion of paralysis for 4 turns
  1809 | D:2      | HP: 1/24 [Crazy Yiuf/quarterstaff of chaos (6)]
  1810 | D:2      | Succumbed to Crazy Yiuf's poison

Action                   || total
-------------------------++-------
Melee: Club              ||     8
       Unarmed           ||     5
       Dagger            ||     8
       Whip              ||     5
Throw: Tomahawk          ||     3
 Cast: Freeze            ||    42
       Throw Frost       ||    12
  Use: Potion            ||     2
